 Dungeon Crawl Stone Soup version 0.32-a0-163-g159c032296 (webtiles) character file.

Game seed: 13354755787613083723

1206 jasper the Skirmisher (level 8, 0/43 HPs)
             Began as a Deep Elf Hunter on Feb 11, 2024.
             Succumbed to a kobold brigand's curare-tipped dart
             ... in a sewer.
             The game lasted 00:09:20 (4448 turns).

jasper the Skirmisher (Deep Elf Hunter)             Turns: 4448, Time: 00:09:21

Health: 0/43       AC: 18    Str: 13 (14) XL:     8   Next: 21%
Magic:  1/10       EV:  9    Int: 12 (15) God:
Gold:   293        SH:  0    Dex: 20 (23) Spells: 7/7 levels left

rFire   + . .        a - +1 shortbow (elec)
rCold   . . .        (shield currently unavailable)
rNeg    + . .        q - +4 pearl dragon scales of Qigillann {rElec rF+ rN+ Str-2 Dex+5}
rPois   .            b - +2 helmet
rElec   +            i - +0 cloak
rCorr   .            (no gloves)
SInv    .            (no boots)
Will    .....        v - amulet of guardian spirit
Stlth   +            l - +6 ring of strength
HPRegen 0.27/turn    f - ring of protection from fire
MPRegen 0.12/turn

%: guardian spirit
@: brilliant, lethally poisoned (0 -> -5)
A: thin skeletal structure 1, clumsy 1, heat vulnerability 1
a: no special abilities


You were in a sewer.
You visited 1 branch of the dungeon, and saw 5 of its levels.
You also visited: Sewer.

You collected 293 gold pieces.

Inventory:

Hand Weapons
 a - a +1 shortbow of electrocution (weapon)
Armour
 b - a +2 helmet (worn)
 c - a +0 leather armour
 d - a +0 leather armour
 i - a +0 cloak (worn)
 m - a scarf of harm
 q - the +4 pearl dragon scales of Qigillann (worn) {rElec rF+ rN+ Str-2 Dex+5}
   (You took it off an orc on level 3 of the Dungeon)

   Str-2:     It affects your strength (-2).
   Dex+5:     It affects your dexterity (+5).
   rF+:       It protects you from fire.
   rElec:     It insulates you from electricity.
   rN+:       It protects you from negative energy.
Jewellery
 f - a ring of protection from fire (right hand)
 l - a +6 ring of strength (left hand)
 p - a ring of ice
 u - a ring of wizardry
 v - an amulet of guardian spirit (around neck)
Scrolls
 h - a scroll of teleportation
 j - 2 scrolls of enchant weapon
Potions
 g - a potion of lignification
 k - a potion of attraction
 o - a potion of berserk rage {unknown}
 r - a potion of degeneration
 s - a potion of might {unknown}
 t - a potion of curing {unknown}


   Skills:
 - Level 1.5 Fighting
 + Level 13.7 Ranged Weapons
 - Level 2.4 Dodging
 - Level 1.2 Stealth


You had 7 spell levels left.
You didn't know any spells.
Your spell library contained the following spells:

 Spells                   Type           Power      Damage    Failure   Level
 Necrotise                Necr           0%         1d4       93%         1
 Cigotuvi's Dreadful Rot  Necr/Alch/Air  0%         N/A       98%         2
 Vampiric Draining        Necr           0%         2d6       100%        3
 Dispel Undead            Necr           0%         3d6       100%        4
 Martyr's Knell           Necr/Summ      0%         N/A       100%        4
 Curse of Agony           Necr           0%         N/A       100%        5
 Death Channel            Necr           0%         N/A       100%        6


Dungeon Overview and Level Annotations

Branches:
Dungeon (5/15)              Sewer (1/1)
 Temple: D:4-7

Altars:
Ashenzari
Gozag
Qazlal

Shops:
D:4 *


Innate Abilities, Weirdness & Mutations

You have a somewhat thin skeletal structure. (Dex +2, Stealth+)
You are clumsy. (Dex -2)
You are vulnerable to heat. (rF-)


Message History

You kill the kobold brigand!
You hear a splash.
You hear a splash.
You feel very sick. Something gnaws on your mind!
You feel your power leaking away.
You take 8 damage, and have 25/64 hp.
You now have 1/10 mp.
Fire: a) +1 shortbow (elec)
Press: ? - help, Q - select action Shift-Dir - straight line, f/p - brain worm
Aim: a brain worm (83% to hit)
You shoot an arrow. The arrow hits the brain worm.
The brain worm is moderately wounded.
You feel very sick.
You take 4 damage, and have 21/64 hp.
Fire: a) +1 shortbow (elec)
Press: ? - help, Q - select action Shift-Dir - straight line, f/p - brain worm
Aim: a brain worm (moderately wounded, 83% to hit)
You shoot an arrow.
The arrow completely misses the brain worm.
You feel very sick.
You take 3 damage, and have 18/64 hp.
It was a potion of degeneration.
There was something very wrong with that liquid.
You feel weakened.
You feel dopey.
You feel clumsy.
You feel very sick. Something gnaws heavily on your mind!
* * * LOW HITPOINT WARNING * * *
You take 15 damage, and have 3/64 hp.
MASSIVE DAMAGE!!
You now have 0/10 mp.
It was a potion of cancellation.
Your magical effects are unravelling.
You feel magically purged.
You feel less wooden.
Your +0 cloak unmelds from your body.
Your +2 helmet unmelds from your body.
The +4 pearl dragon scales of Qigillann {rElec rF+ rN+ Str-2 Dex+5} unmelds from your body.
You feel yourself speed up.
* * * LOW HITPOINT WARNING * * *
You feel sick.
You now have 1/43 hp.
It was a potion of brilliance.
You feel clever all of a sudden.
You die...

~#~#~#~#
~.~#~~~#
#~###~## #.# #~#
#.###~# #)~~.~#
##w~~## #.~.#
#@~.# #.~.## #~~
#~~.~## #.~~
#~~..~#####.~~~
##~~.~~.~...~..
###.~~~.~~..#
##.~.~~~.#
##~.....~##
~.##~~~.~~~~~##~


You could see a brain worm.

Vanquished Creatures
  Grinder (D:3)
  An ogre (D:5)
  A kobold brigand (Sewer)
  2 scorpions (D:4)
  5 wights (D:4)
  A bombardier beetle (D:4)
  2 orc priests
  2 jellies
  A gnoll bouda (D:5)
  Jessica (D:3)
  An iguana (D:5)
  An orc wizard (D:5)
  Robin (D:2)
  6 adders
  3 gnolls (D:5)
  A river rat (D:5)
  A dart slug (D:1)
  4 ribbon worms
  14 orcs
  8 bats
  5 endoplasms
  5 giant cockroaches
  17 goblins
  5 hobgoblins
  4 jackals (D:4)
  2 quokkas
  3 ball pythons
  A frilled lizard (D:1)
  4 kobolds
  4 rats
107 creatures vanquished.

Notes
Turn   | Place    | Note
-------+----------+-------------------------------------------
     0 | D:1      | jasper the Deep Elf Hunter began the quest for the Orb.
     0 | D:1      | Reached XP level 1. HP: 12/12 MP: 3/3
   332 | D:1      | Reached skill level 6 in Ranged Weapons
   332 | D:1      | Reached XP level 2. HP: 16/16 MP: 4/4
  1201 | D:2      | Reached XP level 3. HP: 18/20 MP: 5/5
  1244 | D:2      | Reached skill level 7 in Ranged Weapons
  1394 | D:2      | Reached XP level 4. HP: 20/25 MP: 6/6
  1765 | D:3      | Noticed Robin
  1833 | D:2      | Killed Robin
  2051 | D:3      | Found a stormy altar of Qazlal.
  2114 | D:3      | Reached skill level 8 in Ranged Weapons
  2409 | D:3      | Noticed Jessica
  2411 | D:3      | Killed Jessica
  2412 | D:3      | Reached XP level 5. HP: 21/23 MP: 7/7
  2440 | D:3      | Identified the +4 pearl dragon scales of Qigillann {rElec
                  | rF+ rN+ Str-2 Dex+5}
  2491 | D:3      | Noticed Grinder
  2504 | D:3      | Paralysed by Grinder for 4 turns
  2513 | D:3      | Gained mutation: You have a somewhat thin skeletal
                  | structure. (Dex +2, Stealth+) [potion of mutation]
  2513 | D:3      | Gained mutation: You are vulnerable to heat. (rF-) [potion
                  | of mutation]
  2513 | D:3      | Gained mutation: You are clumsy. (Dex -2) [potion of
                  | mutation]
  2516 | D:3      | Paralysed by Grinder for 4 turns
  2528 | D:3      | Killed Grinder
  2529 | D:3      | Reached skill level 10 in Ranged Weapons
  2529 | D:3      | Reached XP level 6. HP: 19/34 MP: 8/8
  3245 | D:4      | Found an opulent altar of Gozag.
  3313 | D:4      | Reached skill level 11 in Ranged Weapons
  3313 | D:4      | Reached XP level 7. HP: 38/38 MP: 9/9
  3400 | D:4      | Found a broken altar of Ashenzari.
  3439 | D:4      | Found Nucvem's Overcharged Wands.
  3620 | D:4      | Reached skill level 12 in Ranged Weapons
  3951 | D:5      | Entered Level 5 of the Dungeon
  4172 | D:5      | Reached skill level 13 in Ranged Weapons
  4172 | D:5      | Reached XP level 8. HP: 43/43 MP: 10/10
  4382 | D:5      | Found a glowing drain.
  4391 | Sewer    | Entered a sewer
  4446 | Sewer    | HP: 3/64 [brain worm/psychic fangs (11)]
  4447 | Sewer    | HP: 1/43 [poisoned by a kobold brigand (curare-tipped
                  | dart)]
  4448 | Sewer    | Succumbed to a kobold brigand's curare-tipped dart

Illustrated notes

Levels and vault maps discovered:
D:1:      kennysheep_arrival_seaside, layout_loops_ring, nrook_mini_vaults,
          minmay_pentomino_u2
D:2:      layout_loops_ring, minmay_misc_feat_x, chequers_garden,
          serial_bayou_lagoon_b
D:3:      layout_basic, nicolae_qazlal_general_emergency, grunt_decor_cap,
          uniq_robin, uniq_grinder, uniq_jessica
D:4:      layout_basic, mainiacjoe_overflow_six_doors_small,
          kennysheep_little_box, nicolae_shop_overcharged_wands
D:5:      layout_basic, portal_sewer_entry_a
Sewer:    sewer_co_tree

Skill      XL: |  1  2  3  4  5  6  7 |
---------------+----------------------+-----
Ranged Weapons | 6 7 8 10 11 13 | 13.7
Fighting       | |  1.5
Dodging        | |  2.4
Stealth        | |  1.2

Action                     |  1- 3 |  4- 6 |  7- 9 || total
---------------------------+-------+-------+-------++-------
  Melee: Shortbow          |       |     4 |       ||     4
   Fire: Shortbow          |    85 |   126 |   139 ||   350
    Use: Scroll            |     4 |     3 |     4 ||    11
         Potion            |       |     3 |     6 ||     9
 Armour: Leather armour    |    16 |    19 |       ||    35
         Pearl dragon scal |       |    34 |    33 ||    67
  Dodge: Dodged            |    11 |    26 |    22 ||    59

Table legend: (Time is in decaauts)
 A = Elapsed time spent in this place.
 B = Non-inter-level travel time spent in this place.
 C = Inter-level travel time spent in this place.
 D = Time resting spent in this place.
 E = Time spent auto-exploring this place.
 F = Levels seen in this place.
 G = Mean time per level.
                   A        B        C        D        E       F      G
               +--------+--------+--------+--------+--------+-----+--------+
         Total |   4533 |   4368 |    165 |    769 |   2760 |   6 |  755.5 |
       Dungeon |   4459 |   4294 |    165 |    769 |   2724 |   5 |  891.8 |
         Sewer |     74 |     74 |      0 |      0 |     36 |   1 |   74.0 |
               +--------+--------+--------+--------+--------+-----+--------+

Top non-repeatable levels by time:
     D:3: 1146 daAuts
     D:2: 1022 daAuts
     D:4: 946 daAuts
     D:1: 900 daAuts
     D:5: 443 daAuts
   Sewer: 74 daAuts
